 Dungeon Crawl Stone Soup version 0.23.2-1-ga50397a (webtiles) character file.

Game seed: 4879401819045982463

14 redwoodhats the Sneak (level 2, 0/19 HPs)
             Began as a Human Wanderer on May 11, 2019.
             Slain by a leopard gecko (3 damage)
             ... on level 1 of the Dungeon on May 13, 2019.
             The game lasted 00:04:20 (761 turns).

redwoodhats the Sneak (Human Wanderer)               Turns: 761, Time: 00:04:20

Health: 0/19       AC:  2    Str: 12    XL:     2   Next: 55%
Magic:  3/3        EV: 12    Int: 11    God:
Gold:   61         SH:  0    Dex: 13    Spells: 1/3 levels left

rFire    . . .     SeeInvis .   a - +0 dagger
rCold    . . .     Gourm    .   (no shield)
rNeg     . . .     Faith    .   d - +0 robe
rPois    .         Spirit   .   (no helmet)
rElec    .         Reflect  .   (no cloak)
rCorr    .         Harm     .   (no gloves)
MR       .....                  (no boots)
Stlth    ++........             (no amulet)
HPRegen  0.06/turn              (no ring)
MPRegen  0.08/turn              (no ring)

@: no status effects
A: no striking features
a: no special abilities


You were on level 1 of the Dungeon.
You were not hungry.

You visited 1 branch of the dungeon, and saw 1 of its levels.

You collected 61 gold pieces.

Inventory:

Hand Weapons
 a - a +0 dagger (weapon)
Armour
 d - a +0 robe (worn)
Jewellery
 h - an uncursed ring of wizardry {unknown}
Scrolls
 c - a scroll of identify {unknown}
Potions
 b - a potion of curing
 e - a potion of magic {unknown}
 g - a potion of heal wounds {unknown}
Comestibles
 f - a ration


   Skills:
 + Level 0.1 Fighting
 + Level 0.2 Short Blades
   Level 2.0 Staves
 + Level 2.3 Dodging
 + Level 2.3 Stealth
   Level 1.0 Shields
 + Level 1.1 Spellcasting
 + Level 2.1 Necromancy


You had one spell level left.
You knew the following spells:

 Your Spells              Type           Power        Failure   Level  Hunger
a - Animate Skeleton      Necr           N/A          14%         1    ##.....
b - Magic Dart            Conj           #...         32%         1    ##.....

Your spell library contained the following spells:

 Spells                   Type           Power        Failure   Level  Hunger
 Vampiric Draining        Necr           #.........   38%         3    ####...
 Blink                    Tloc           N/A          43%         2    ###....
 Call Imp                 Summ           #.......     43%         2    ###....
 Slow                     Hex            #.......     43%         2    ###....
 Conjure Flame            Conj/Fire      #.......     67%         3    ####...
 Mephitic Cloud           Conj/Pois/Air  #.......     67%         3    ####...


Dungeon Overview and Level Annotations

Branches:
Dungeon (1/15)

Altars:


Message History

A giant cockroach comes into view.
A rat comes into view.
You barely miss the rat. The rat barely misses you.
You hit the rat but do no damage. The goblin hits you with a +0 dagger.
The rat bites you.
You closely miss the rat. The goblin hits you with a +0 dagger.
The leopard gecko barely misses you. The rat bites you but does no damage.
You hit the rat.
You kill the rat!
The leopard gecko completely misses you.
The goblin hits you with a +0 dagger.
* * * LOW HITPOINT WARNING * * *
The leopard gecko misses you.
You hit the rat but do no damage. The goblin barely misses you.
The leopard gecko bites you.
* * * LOW HITPOINT WARNING * * *
You hit the rat.
You kill the rat!
The goblin barely misses you. The leopard gecko bites you.
You die...

#######.#.### #.....
............#...........
#.....
.######.#.#.#...........
#.....
#.#.#.#...........
#.....
#.#.#.#...........
#.....
#######+#...#...s.......
#.....
...##.......#...........
######
...##.......'..l........
...##.......##.g@†$.....
...##.............#.....
...##.......##....# ...
...##.......##....# .
#####.......###+###
...######+### ...# .#
...# .# ...# .#.#


You could see a leopard gecko, a giant cockroach and a goblin.

Vanquished Creatures
  An ooze (D:1)
  A bat (D:1)
  A giant cockroach (D:1)
  A hobgoblin (D:1)
  A frilled lizard (D:1)
  3 rats (D:1)
8 creatures vanquished.

Vanquished Creatures (collateral kills)
  A leopard gecko (D:1)
  A rat (D:1)
2 creatures vanquished.

Grand Total: 10 creatures vanquished

Notes
Turn   | Place    | Note
-------+----------+-------------------------------------------
     0 | D:1      | redwoodhats the Human Wanderer began the quest for the Orb.
     0 | D:1      | redwoodhats set off with the following items: a +0 dagger,
                  | a potion of curing, a +0 robe, a ration; and the following
                  | spells available to memorise: Animate Skeleton, Magic Dart,
                  | Blink, Call Imp, Slow, Vampiric Draining, Conjure Flame,
                  | Mephitic Cloud
     0 | D:1      | Reached XP level 1. HP: 13/13 MP: 2/2
    30 | D:1      | Learned a level 1 spell: Animate Skeleton
    32 | D:1      | Learned a level 1 spell: Magic Dart
   229 | D:1      | Reached XP level 2. HP: 4/19 MP: 1/3
   761 | D:1      | Slain by a leopard gecko

Action                   || total
-------------------------++-------
Melee: Dagger            ||    54
 Cast: Magic Dart        ||     6
       Animate Skeleton  ||     3
Armor: Robe              ||    10
Dodge: Dodged            ||    61
